 Dungeon Crawl Stone Soup version 0.22-a0-136-g83a10e5 (webtiles) character file.

3 varam the Caller (level 1, -2/13 HPs)
             Began as a Mummy Summoner on Feb 2, 2018.
             Slain by a hobgoblin
             ... wielding a cursed -1 club
              (6 damage)
             ... on level 1 of the Dungeon.
             The game lasted 00:00:41 (98 turns).

varam the Caller (Mummy Summoner)                     Turns: 98, Time: 00:00:42

Health: -2/13      AC:  2    Str: 11    XL:     1   Next: 41%
Magic:  2/4        EV: 12    Int: 14    God:
Gold:   0          SH:  0    Dex: 12    Spells: 4/5 levels left

rFire    x . .     SeeInvis .   (no weapon)
rCold    + . .     Gourm    .   (no shield)
rNeg     + + +     Faith    .   a - +0 robe
rPois    ∞         Spirit   .   (no helmet)
rElec    .         Reflect  .   (no cloak)
rCorr    .         Harm     .   (no gloves)
MR       .....                  (no boots)
Stlth    ++........             (no amulet)
HPRegen  0.04/turn              (no ring)
MPRegen  0.09/turn              (no ring)

@: no status effects
A: no food or potions, fire vulnerability, cold resistance 1, negative energy
resistance 3, torment resistance, unbreathing
a: no special abilities


You were on level 1 of the Dungeon.
You were not hungry.

You visited 1 branch of the dungeon, and saw 1 of its levels.

Inventory:

Hand Weapons
 c - a +0 club
Armour
 a - a +0 robe (worn)
Books
 b - a book of Callings

   Spells                             Type                      Level
   a - Summon Small Mammal            Summoning                    1
   b - Call Imp                       Summoning                    2
   c - Call Canine Familiar           Summoning                    3
   d - Summon Guardian Golem          Hexes/Summoning              3
   e - Summon Lightning Spire         Summoning/Air                4
   f - Summon Ice Beast               Ice/Summoning                4


   Skills:
 - Level 1.5 Dodging
 - Level 1.5 Stealth
 - Level 2.6 Spellcasting
 + Level 3.4 Summonings


You had 4 spell levels left.
You knew the following spells:

 Your Spells              Type           Power        Failure   Level  Hunger
a - Summon Small Mammal   Summ           ##..         5%          1    N/A

Dungeon Overview and Level Annotations

Branches:
Dungeon (1/15)

Altars:


Innate Abilities, Weirdness & Mutations

You do not eat or drink.
Your flesh is vulnerable to fire.
You are immune to poison.
Your flesh is cold resistant. (rC+)
You are immune to negative energy. (rN+++)
You are immune to unholy pain and torment.
You can survive without breathing.


Message History

Press: ? - help, Dir - move target cursor, f - hobgoblin
Aim: a hobgoblin, wielding a club Attack!
Your rat disappears in a puff of smoke!
Your rat barely misses the hobgoblin.
Your rat bites the hobgoblin but does no damage.
What are your orders? t - Shout!
Orders for allies: a - Attack new target. p - Attack previous target. r - Retreat! s - Stop attacking. g - Guard the area. f - Follow me.
Anything else - Cancel.
Gang up on whom?
Press: ? - help, Dir - move target cursor, f/p - hobgoblin
Aim: a hobgoblin, wielding a club
Okay, then.
Casting: Summon Small Mammal (safe; 5% risk of failure)
Confirm with . or Enter, or press ? or * to list all spells.
The hobgoblin hits you with a club.
You die...

.............#.#
.............#.# .. ## ##.
#........#.# .g. ..
...###..........### #.. #.
#.#...............# ##..##.
#.#...........#.#.#
.....#.###.#........#.##.#.###
##.........#§..###..#.##......
............g@...........>...#
#.........r..r............###
#........##...#########......
.......#####...#########...###
.(..... .....##≈≈§§≈##...###
.....#. #.....##≈≈≈≈§##......
.....#. .......##≈≈≈§§##...##.
.... #. ####......≈≈≈....#.##.
.... #. .....8.....8..#.##.


You could see a hobgoblin and 2 friendly rats.

Vanquished Creatures
  A leopard gecko (D:1)
1 creature vanquished.

Vanquished Creatures (collateral kills)
  A hobgoblin (D:1)
  A kobold (D:1)
2 creatures vanquished.

Grand Total: 3 creatures vanquished

Notes
Turn   | Place    | Note
-------+----------+-------------------------------------------
     0 | D:1      | varam the Mummy Summoner began the quest for the Orb.
     0 | D:1      | Reached XP level 1. HP: 13/13 MP: 4/4
    98 | D:1      | Slain by a hobgoblin

Vault maps used:
D:1:      grunt_arrival_lava_bath

Action                   || total
-------------------------++-------
Melee: Unarmed           ||    13
 Cast: Summon Small Mamm ||     4
Armor: Robe              ||     1
Dodge: Dodged            ||    12

Table legend:
 A = Spawn XP
 B = Non-spawn XP
 C = Spawn XP percentage of total XP
 D = Spawn monster count
 E = Non-spawn monster count
 F = Spawn count percentage of total count
 G = Total turns spent on level
                    A         B        C        D         E        F      G
               +---------+---------+-------+---------+---------+-------+---------
         Total |       0 |       5 |   0.0 |       0 |       3 |   0.0 |    98
               +---------+---------+-------+---------+---------+-------+---------
           D:1 |       0 |       5 |   0.0 |       0 |       3 |   0.0 |    98
               +---------+---------+-------+---------+---------+-------+---------
